AoeStats
← Rexie

Black Forest

508071813Analyzed
4v4 RM · 13d ago on Sep 20, 2026· 57m 33s· 8 players
Game mode
Random Map
Map size
Large (8 player)
Population
200
Speed
Normal
Resources
Standard
Victory
Conquest
Starting age
Dark Age
Ending age
Imperial Age
RankedLock teamsTeams togetherTeam positionsShared explorationLock speedFull tech treeHidden civsTurbo modeCheats
Victory
Defeat
🇫🇷 Byzantines · France
786
+9
🇹🇷 Spanish · Türkiye
747
+11
🇹🇷 Turks · Türkiye
746
+11
🇹🇷 Portuguese · Türkiye
713
+12
🇮🇳 Romans · India
673
-13
🇮🇳 Franks · India
646
-11
🇮🇳 Britons · India
609
-10
🇮🇳 Hindustanis · India
567
-9
I MISS HER
0:40 Loom
12:53 Feudal Age
14:03 Double-Bit Axe
21:35 Castle Age
20:10 Horse Collar
20:22 Stone Mining
26:26 Wheelbarrow
26:15 Bow Saw
30:02 Thumb Ring
32:16 Caravan
33:24 Heavy Plow
36:38 Imperial Age
37:53 Hand Cart
37:01 Elite Conquistador
38:12 Bloodlines
38:03 Husbandry
37:23 Cavalier
37:25 Light Cavalry
40:17 Chemistry
41:06 Scale Barding Armor
41:02 Scale Mail Armor
41:12 Forging
41:02 Padded Archer Armor
40:53 Fletching
40:28 Pikeman
41:08 Squires
40:54 Gambesons
40:56 Arson
40:32 Man-at-Arms
47:37 Gold Mining
48:51 Two-Man Saw
48:41 Paladin
49:51 Chain Barding Armor
50:06 Iron Casting
49:46 Chain Mail Armor
49:27 Bodkin Arrow
49:47 Leather Archer Armor
49:17 Long Swordsman
51:21 Halberdier
Merginator44
0:32 Loom
18:26 Feudal Age
19:00 Horse Collar
19:16 Gold Mining
19:30 Stone Mining
19:29 Double-Bit Axe
22:21 Wheelbarrow
24:26 Castle Age
26:28 Heavy Plow
26:56 Bow Saw
27:24 Gold Shaft Mining
28:26 Wheelbarrow
27:36 Town Watch
28:16 Caravan
29:32 Fishing Lines
35:05 Imperial Age
32:54 Hand Cart
32:39 Town Patrol
35:31 Ballistics
35:07 Murder Holes
34:53 Treadmill Crane
35:24 Masonry
37:11 Artillery
37:49 Hoardings
39:11 Elite Janissary
39:52 Fletching
40:03 Padded Archer Armor
40:15 Forging
40:10 Scale Barding Armor
41:46 Conscription
43:16 Guilds
45:57 Architecture
45:28 Bodkin Arrow
45:55 Leather Archer Armor
46:51 Bracer
47:22 Ring Archer Armor
52:51 Iron Casting
52:37 Chain Barding Armor
HORIZONUF
0:34 Loom
11:02 Feudal Age
11:53 Double-Bit Axe
19:14 Castle Age
17:11 Horse Collar
17:48 Gold Mining
21:21 Heavy Plow
22:18 Wheelbarrow
21:48 Stone Mining
25:32 Husbandry
26:49 Bow Saw
30:20 Fletching
30:30 Padded Archer Armor
35:49 Imperial Age
33:40 Thumb Ring
32:56 Elite Skirmisher
33:46 Scale Barding Armor
34:43 Ballistics
34:04 Treadmill Crane
36:08 Forging
36:20 Chain Barding Armor
36:56 Conscription
37:44 Chemistry
38:26 Hoardings
38:10 Leather Archer Armor
37:51 Bodkin Arrow
38:32 Iron Casting
39:10 Caravan
39:58 Crossbowman
40:18 Heavy Camel Rider
41:35 Ring Archer Armor
42:40 Bombard Tower
42:54 Logistica
45:25 Light Cavalry
46:26 Fortified Wall
46:55 Plate Barding Armor
51:09 Greek Fire
52:10 Hussar
52:39 Cavalier
53:27 Bracer
53:28 Scale Mail Armor
55:21 Gold Shaft Mining
55:21 Stone Shaft Mining
55:39 Arbalester
56:12 Paladin
57:30 Hand Cart
NebulaTR
0:44 Loom
15:11 Feudal Age
16:29 Wheelbarrow
15:38 Horse Collar
16:01 Gold Mining
16:43 Double-Bit Axe
22:03 Stone Mining
28:23 Castle Age
29:48 Hand Cart
29:36 Heavy Plow
30:17 Stone Shaft Mining
29:56 Bow Saw
31:51 Padded Archer Armor
31:51 Scale Mail Armor
31:43 Fletching
32:05 Forging
31:47 Gambesons
31:29 Elite Skirmisher
33:40 Treadmill Crane
38:10 Imperial Age
36:31 Leather Archer Armor
38:56 Ballistics
39:59 Chemistry
39:08 Scale Barding Armor
39:34 Ring Archer Armor
41:51 Two-Man Saw
43:01 Crop Rotation
42:45 Cavalier
42:45 Light Cavalry
43:35 Bloodlines
45:17 Bloodlines
44:28 Light Cavalry
45:09 Husbandry
45:00 Arson
48:17 Bombard Tower
50:13 Iron Casting
49:53 Chain Mail Armor
49:35 Bodkin Arrow
50:11 Crossbowman
52:32 Chain Barding Armor
53:12 Blast Furnace
53:36 Arbalester
57:13 Plate Mail Armor
57:19 Plate Barding Armor
NaraSimham
2:56 Loom
15:30 Feudal Age
17:51 Wheelbarrow
21:01 Fishing Lines
28:13 Castle Age
26:01 Town Watch
30:06 Horse Collar
30:40 Gillnets
31:00 Caravan
36:28 Double-Bit Axe
39:26 Imperial Age
37:14 Hand Cart
37:08 Heavy Plow
37:32 Man-at-Arms
39:00 Long Swordsman
40:29 Bow Saw
40:52 Crop Rotation
41:46 Conscription
42:37 Heavy Scorpion
43:53 Fortified Wall
43:58 Masonry
44:32 Siege Engineers
46:34 Chemistry
45:56 Ballistics
46:08 Squires
46:17 Legionary
47:49 Forging
47:40 Scale Mail Armor
48:45 Masonry
52:13 Chain Mail Armor
52:34 Iron Casting
Cocainwrld
0:29 Loom
10:27 Feudal Age
12:57 Wheelbarrow
12:07 Horse Collar
12:16 Double-Bit Axe
15:33 Stone Mining
15:36 Gold Mining
23:31 Castle Age
23:17 Padded Archer Armor
23:08 Fletching
28:20 Hand Cart
29:22 Bow Saw
29:56 Fishing Lines
32:14 Caravan
32:45 Coinage
32:28 Gillnets
33:09 Heavy Plow
36:44 Yeomen
46:02 Leather Archer Armor
45:42 Bodkin Arrow
48:21 Imperial Age
49:10 Pikeman
49:50 Squires
50:10 Halberdier
56:03 Man-at-Arms
56:28 Gambesons
56:29 Arson
Rexie
0:33 Loom
15:03 Feudal Age
15:36 Town Watch
21:00 Castle Age
18:59 Double-Bit Axe
20:07 Stone Mining
21:37 Fishing Lines
25:09 Wheelbarrow
26:39 Stone Shaft Mining
26:36 Gold Mining
27:43 Bow Saw
28:55 Caravan
30:13 Hand Cart
30:25 Horse Collar
30:39 Gillnets
36:24 Imperial Age
34:00 Husbandry
34:15 Forging
36:15 Bloodlines
36:13 Scale Barding Armor
36:44 Iron Casting
37:28 Heavy Camel Rider
39:15 Blast Furnace
38:36 Chain Barding Armor
38:31 Pikeman
39:12 Squires
38:57 Arson
41:32 Conscription
42:35 Chemistry
43:42 Scale Mail Armor
43:41 Imperial Camel Rider
Wolvie
0:34 Loom
12:42 Feudal Age
14:02 Wheelbarrow
13:44 Double-Bit Axe
23:30 Castle Age
23:23 Fishing Lines
24:33 Bow Saw
24:57 Hand Cart
24:49 Caravan
25:03 Forging
24:58 Scale Barding Armor
27:30 Iron Casting
27:15 Chain Barding Armor
27:37 Husbandry
28:44 Elite Skirmisher
31:46 Ballistics
35:43 Imperial Age
34:21 Gillnets
34:57 Fletching
38:38 Gold Mining
39:37 Conscription
39:31 Cavalier
42:48 Paladin
46:12 Chemistry
Connection lost

Rejoining the realm…

Still unreachable

The connection could not be restored.

Session expired

The server has moved on; the page needs a fresh start.